 Dungeon Crawl Stone Soup version 0.31-a0-229-g1fc7ce93e2 (webtiles) character file.

Game seed: 452437262958371063

32 qw the Shooter (level 3, 0/29 HPs)
             Began as a Minotaur Hexslinger on July 6, 2023.
             Slain by an adder (2 damage)
             ... on level 1 of the Dungeon.
             The game lasted 00:00:16 (753 turns).

qw the Shooter (Minotaur Hexslinger)                 Turns: 753, Time: 00:00:17

Health: 0/29       AC:  2    Str: 12    XL:     3   Next: 10%
Magic:  3/3        EV: 12    Int: 10    God:
Gold:   42         SH:  0    Dex: 14    Spells: 3/4 levels left

rFire   . . .        Y - +2 sling
rCold   . . .        (no shield)
rNeg    . . .        c - +0 robe
rPois   .            (helmet restricted)
rElec   .            (no cloak)
rCorr   .            (no gloves)
SInv    .            (no boots)
Will    .....        (no amulet)
Stlth   +            (no ring)
HPRegen 0.24/turn    (no ring)
MPRegen 0.08/turn

%: no passive effects
@: lethally poisoned (0 -> -2)
A: horns 2, retaliatory headbutt
a: no special abilities


You were on level 1 of the Dungeon.
You visited 1 branch of the dungeon, and saw 2 of its levels.

You collected 42 gold pieces.


Innate Abilities, Weirdness & Mutations

You have a pair of horns on your head.
You reflexively headbutt those who attack you in melee.


   Skills:
 - Level 2.0 Fighting
 + Level 3.6 Ranged Weapons
 - Level 2.1 Dodging
 - Level 1.0 Spellcasting
 - Level 2.0 Hexes


You had 3 spell levels left.
You knew the following spells:

 Your Spells              Type           Power      Damage    Failure   Level
a - Slow                  Hex            16%        N/A       16%         1

Your spell library contained the following spells:

 Spells                   Type           Power      Damage    Failure   Level
 Inner Flame              Hex/Fire       2%         N/A       56%         3
 Portal Projectile        Hex/Tloc       4%         N/A       56%         3
 Cause Fear               Hex            2%         N/A       83%         4

Inventory:

Hand Weapons
 Y - a +2 sling (weapon)
Armour
 c - a +0 robe (worn)
Potions
 g - a potion of invisibility {unknown}

Dungeon Overview and Level Annotations

Branches:
Dungeon (2/15)

Altars:


Message History

You shoot a sling bullet. The sling bullet hits the dart slug!
You kill the dart slug!
The adder bites you but does no damage. The kobold hits you with a +0 whip.
The endoplasm misses you. The adder bites you but does no damage.
746 ||| STAIRDANCE The endoplasm freezes you.
You are frozen.
The kobold hits you with a +0 whip. The adder bites you.
You climb upwards.
There is a stone staircase leading down here.
Enter note:
Enter note:
Enter note: You shoot a sling bullet.
The sling bullet barely misses the endoplasm.
The sling bullet closely misses the adder.
The endoplasm freezes you.
You are frozen.
The kobold hits you with a +0 whip. The kobold completely misses you.
The endoplasm misses you. You furiously retaliate!
You headbutt the endoplasm. You shoot a sling bullet.
The sling bullet hits the endoplasm but does no damage.
The endoplasm is almost dead.
The endoplasm freezes you.
You are frozen.
The kobold hits you with a +0 whip.
You shoot a sling bullet. The sling bullet hits the endoplasm.
You kill the endoplasm!
The kobold misses you. The adder barely misses you.
You shoot a sling bullet. The sling bullet hits the adder.
The adder is lightly wounded.
The kobold barely misses you. The adder bites you.
You are poisoned.
The adder poisons you!
You shoot a sling bullet. The sling bullet hits the adder!
The adder is severely wounded.
You feel sick. The adder barely misses you. You furiously retaliate!
You headbutt the adder, but do no damage.
The kobold barely misses you. The adder barely misses you.
You shoot a sling bullet. The sling bullet misses the adder.
You feel sick. The kobold hits you with a +0 whip. The adder bites you.
You die...

#.# #.# #.## #. ## #.# #.# #.# #.
.# #.# #.######.#### #. .# #.#
#...........# ## .# #.#
###########.# .# #>#
#########.###### .# #.#
#..........##... ##
#.#######.#######..##.##
#.....K@S..# #..##.# #########..#
#..##.# ####### ##.####..#
#..##.# #.....###........###
#..##.#
#..................#####.##.#
####......###.#####.........##.##
.........## #.# #..............
####.....####.#####.........##.##
####..####.................##.#


You could see an adder and a kobold.

Vanquished Creatures
  3 dart slugs
  4 ball pythons (D:1)
  2 endoplasms (D:1)
  2 giant cockroaches (D:1)
  2 hobgoblins (D:1)
  2 jackals (D:1)
  2 quokkas (D:1)
  4 bats (D:1)
  A kobold (D:1)
  A rat (D:1)
23 creatures vanquished.

Notes
Turn   | Place    | Note
-------+----------+-------------------------------------------
     0 | D:1      | qw the Minotaur Hexslinger began the quest for the Orb.
     0 | D:1      | Reached XP level 1. HP: 16/16 MP: 1/1
     0 | D:1      | 0 ||| qw: Version: 0.3-a-46-gb1f654a
     0 | D:1      | 0 ||| qw: Game counter: 1527
     0 | D:1      | 0 ||| qw: Melee chars always use a shield: true
     0 | D:1      | 0 ||| qw: God list: Okawaru
     0 | D:1      | 0 ||| qw: Allow faded altars: false
     0 | D:1      | 0 ||| qw: Do Orc after clearing Dungeon:15 true
     0 | D:1      | 0 ||| qw: Do second Lair branch before Depths: true
     0 | D:1      | 0 ||| qw: Lair rune preference: random
     0 | D:1      | 0 ||| qw: Goals: Normal
     0 | D:1      | 0 ||| PLANNING D:1-11
   232 | D:1      | Reached skill level 3 in Ranged Weapons
   232 | D:1      | Reached XP level 2. HP: 23/23 MP: 2/2
   247 | D:1      | Found a faded altar of an unknown god.
   666 | D:1      | Reached XP level 3. HP: 29/29 MP: 3/3
   689 | D:1      | 689 ||| READING scroll labelled JEGHOA SOZUQ.
   693 | D:1      | 693 ||| READING scroll labelled EQAEFOO QEUSEMM.
   694 | D:1      | 694 ||| READING scroll labelled ZURHUEZERI.
   695 | D:1      | 695 ||| DROPPING scroll of poison.
   746 | D:2      | 746 ||| STAIRDANCE
   752 | D:1      | HP: 7/29 [poisoned by an adder]
   753 | D:1      | HP: 2/29 [kobold/+0 whip (4)]
   753 | D:1      | Slain by an adder

Levels and vault maps discovered:
D:1:      wander_arrival_desolate, layout_loops_ring,
          ebering_ecumenical_altar_petrified
D:2:      layout_rooms, serial_shops, nicolae_shop_tiny_waterfront,
          grunt_ministairs_1, uniq_sigmund

Skill      XL: |  1  2 |
---------------+-------+-----
Ranged Weapons | 3 |  3.6
Fighting       | 2 |  2.0
Dodging        | |  2.1
Spellcasting   | |  1.0
Hexes          | |  2.0

Action                     || total
---------------------------++-------
   Fire: Sling             ||    66
    Use: Scroll            ||     3
 Armour: Robe              ||     5
  Dodge: Dodged            ||    24

Table legend:
 A = Non-vault XP
 B = Vault XP
 C = Vault XP percentage of total XP
 D = Non-vault monster count
 E = Vault monster count
 F = Vault count percentage of total count
                 A         B        C        D         E       F
            +---------+---------+-------+---------+---------+-------
      Total |      43 |       4 |   8.5 |      22 |       1 |   4.3
            +---------+---------+-------+---------+---------+-------
        D:1 |      43 |       0 |   0.0 |      22 |       0 |   0.0
        D:2 |       0 |       4 | 100.0 |       0 |       1 | 100.0
            +---------+---------+-------+---------+---------+-------
